 Dungeon Crawl Stone Soup version 0.30-a0-782-ge64f9170bb (webtiles) character file.

Game seed: 16433737734305140789

27 NotreDorf the Ducker (level 3, -7/27 HPs)
             Began as a Djinni Fire Elementalist on Feb 18, 2023.
             Mangled by a gnoll
             ... wielding a +0 whip of electrocution
              (17 damage)
             ... on level 1 of the Dungeon.
             The game lasted 00:04:30 (696 turns).

NotreDorf the Ducker (Djinni Fire Elementalist)      Turns: 696, Time: 00:04:31

Health: -7/27      AC:  2    Str:  7    XL:     3   Next: 25%
Gold:   63         EV: 12    Int: 18    God:
                   SH:  0    Dex: 13

rFire   + + .      SeeInvis .    j - +0 hand axe (vamp)
rCold   x . .      Faith    .    (no shield)
rNeg    . . .      Spirit   .    a - +0 robe
rPois   ∞          Reflect  .    (no helmet)
rElec   .          Harm     .    (no cloak)
rCorr   .          Rampage  .    (no gloves)
Will    .....                    (boots unavailable)
Stlth   ++                       (no amulet)
HPRegen 0.24/turn                (no ring)
MPRegen 0.00/turn                (no ring)

@: flying, very slightly contaminated
A: sickness immunity, fire resistance 2, cold vulnerability 1, float, innate
caster, HP casting, extra vitality 1
a: no special abilities


You were on level 1 of the Dungeon.
You visited 1 branch of the dungeon, and saw 2 of its levels.

You collected 63 gold pieces.

Inventory:

Hand Weapons
 j - a +0 vampiric hand axe (weapon)
Armour
 a - a +0 robe (worn)
Scrolls
 d - a scroll of magic mapping {unknown}
 e - a scroll of poison {unknown}
 f - a scroll of identify {unknown}
 g - 2 scrolls of teleportation {unknown}
 i - a scroll of fog {unknown}
Potions
 b - 2 potions of curing {unknown}
 c - 3 potions of heal wounds {unknown}
 h - a potion of lignification {unknown}


   Skills:
 + Level 1.3 Fighting
 + Level 2.8 Dodging
 - Level 1.5 Stealth
 + Level 2.7 Spellcasting


You couldn't memorise any spells.
You knew the following spells:

 Your Spells              Type           Power      Damage    Failure   Level
a - Foxfire               Conj/Fire      48%        2x1d6     5%          1
b - Scorch                Fire           24%        2d6       9%          2
c - Kindle Blastsparks    Fire/Tloc/Air  24%        2d12      16%         3
d - Inner Flame           Hex/Fire       12%        N/A       16%         3
e - Flame Wave            Conj/Fire      12%        2d6       47%         4
f - Freeze                Ice            48%        1d6       5%          1
Your spell library was empty.

Dungeon Overview and Level Annotations

Branches:
Dungeon (2/15)

Altars:


Innate Abilities, Weirdness & Mutations

You are immune to sickness and miasma.
You are immune to poison.
Your flesh is very heat resistant. (rF++)
You are vulnerable to cold. (rC-)
You float through the air rather than walking.
You learn spells naturally, not from books.
Your magical power is your life essence.
You have superior vitality. (+4 MHP)


Message History

You conjure some foxfire!
The goblin completely misses you.
There are monsters nearby!
The foxfire hits the goblin.
The goblin is severely wounded.
The foxfire hits the kobold.
The kobold is severely wounded.
The goblin barely misses you.
The kobold throws a stone.
The stone hits you.
Casting: Foxfire (safe; 5% risk of failure)
Confirm with . or Enter, or press ? or * to list all spells.
You conjure some foxfire!
The foxfire hits the dart slug.
The dart slug is heavily wounded.
The goblin barely misses you.
The foxfire hits the kobold.
You kill the kobold!
Casting: Foxfire (safe; 5% risk of failure)
Confirm with . or Enter, or press ? or * to list all spells.
You miscast Foxfire.
You are very lightly contaminated with residual magic.
Nothing appears to happen.
The goblin hits you but does no damage.
A gnoll comes into view.
It is wielding a +0 whip of electrocution.
The gnoll shouts!
The goblin closely misses you.
There is a stone staircase leading up here.
Casting: Foxfire (safe; 5% risk of failure)
Confirm with . or Enter, or press ? or * to list all spells.
You conjure some foxfire!
The goblin closely misses you.
The foxfire hits the gnoll.
The gnoll is moderately wounded.
The foxfire hits the gnoll.
The gnoll is heavily wounded.
The goblin hits you with a +0 club. The dart slug closely misses you.
You fly upwards.
There is a stone staircase leading down here.
You barely miss the goblin.
The goblin is severely wounded.
You hit the dart slug. You hit the gnoll.
You feel better. The goblin hits you but does no damage.
The gnoll hits you with a +0 whip of electrocution!
You are electrocuted!
Ouch! That really hurt!
You die...

)##...............##.............
.####........####.#...##.##.##...
.# #........# #.#...##.##.##+##
.# ########.## #................
## #.......######.###.........
#.......##.......'.........
#........#.#.#####.........
#......#.wg#.##............
#......+.g@#.#.............
##......#####.#.....).......
#.......# #.#.............
#...###.# #.#........##### #...#
#.#####.#........# #...#
#.......#........# #...#
###..............# #####
###......#+####### #........#.#


You could see a gnoll, a dart slug and a goblin.

Vanquished Creatures
  2 ball pythons (D:1)
  A bat (D:1)
  4 endoplasms (D:1)
  2 giant cockroaches (D:1)
  A goblin (D:1)
  5 jackals (D:1)
  3 quokkas (D:1)
  A frilled lizard (D:1)
  2 kobolds
  A rat (D:1)
22 creatures vanquished.

Vanquished Creatures (others)
  53 foxfires
53 creatures vanquished.

Grand Total: 75 creatures vanquished

Notes
Turn   | Place    | Note
-------+----------+-------------------------------------------
     0 | D:1      | NotreDorf the Djinni Fire Elementalist began the quest for
                  | the Orb.
     0 | D:1      | NotreDorf set off with the following spells memorised:
                  | Foxfire, Scorch, Kindle Blastsparks, Inner Flame, Flame
                  | Wave.
     0 | D:1      | Reached XP level 1. HP: 15/15 MP: 0/0
   100 | D:1      | Reached XP level 2. HP: 20/22 MP: 0/0
   156 | D:1      | Reached skill level 1 in Fighting
   170 | D:1      | HP: 1/22 [frozen (3)]
   172 | D:1      | Reached XP level 3. HP: 2/27 MP: 0/0
   172 | D:1      | Learned a level 1 spell: Freeze
   696 | D:1      | Mangled by a gnoll

Illustrated notes

Levels and vault maps discovered:
D:1:      tarquinn_simple_flora_water_c, layout_basic
D:2:      layout_loops_ring

Skill      XL: |  1  2 |
---------------+-------+-----
Fighting       | 1 |  1.3
Dodging        | |  2.8
Stealth        | |  1.5
Spellcasting   | |  2.7

Action                     || total
---------------------------++-------
  Melee: Unarmed           ||     1
         Hand axe          ||     1
   Cast: Foxfire           ||    34
 Armour: Robe              ||     6
  Dodge: Dodged            ||    35

Table legend: (Time is in decaauts)
 A = Elapsed time spent in this place.
 B = Non-inter-level travel time spent in this place.
 C = Inter-level travel time spent in this place.
 D = Time resting spent in this place.
 E = Time spent auto-exploring this place.
 F = Levels seen in this place.
 G = Mean time per level.
                   A        B        C        D        E       F      G
               +--------+--------+--------+--------+--------+-----+--------+
         Total |    695 |    654 |     41 |     57 |    408 |   2 |  347.5 |
       Dungeon |    695 |    654 |     41 |     57 |    408 |   2 |  347.5 |
               +--------+--------+--------+--------+--------+-----+--------+

Top non-repeatable levels by time:
     D:1: 685 daAuts
     D:2: 10 daAuts
